 Dungeon Crawl Stone Soup version 0.15.1-1-gfacfea3 (webtiles) character file.

163 Kashira the Magician (level 5, 21/21 HPs)
             Began as a Felid Ice Elementalist on Sept 24, 2014.
             Quit the game on Level 5 of the Dungeon.
             The game lasted 00:13:32 (4925 turns).

Kashira the Magician (Felid Ice Elementalist)       Turns: 4925, Time: 00:13:32

HP  21/21        AC  2     Str  6      XL: 5   Next: 20%
MP  15/16        EV 19     Int 17      God:
Gold 154         SH  0     Dex 16      Spells:  4 memorised,  2 levels left
Lives: 0, deaths: 1

rFire  . . .     SeeInvis +     (weapon unavailable)
rCold  . . .     Clarity  .     (armour unavailable)
rNeg   . . .     rCorr    .     (shield unavailable)
rPois  .         rRot     .     (helmet unavailable)
rElec  .         Spirit   .     (cloak unavailable)
SustAb .         Warding  .     (gloves unavailable)
rMut   .         Stasis   .     (boots unavailable)
Gourm  .                        n - amulet of faith
MR     .....                    (no ring)
                                (no ring)

@: quick, not resistant to hostile enchantments, fairly stealthy
A: paw claws, no armour, no weapons or thrown items, fangs 3, see invisible,
carnivore 3, speed 1, shaggy fur 2, slow metabolism 1, jump 2
a: Jump Attack


You were on level 5 of the Dungeon.
You were not hungry.

You visited 1 branch of the dungeon, and saw 5 of its levels.

You collected 154 gold pieces.

Inventory:

Comestibles
 c - 3 meat rations
 m - 2 beef jerkies
 q - a slice of pizza
 w - a chunk of quokka flesh
Scrolls
 a - a scroll of enchant armour {unknown}
 e - 3 scrolls of identify {unknown}
 f - 4 scrolls of noise {unknown}
 j - a scroll of teleportation {unknown}
 k - 2 scrolls of random uselessness {unknown}
 l - a scroll of amnesia {unknown}
 r - a scroll of enchant weapon {unknown}
 t - a scroll of immolation {unknown}
 u - 2 scrolls of remove curse {unknown}
Jewellery
 n - an amulet of faith (around neck)
Potions
 d - a potion of heal wounds {unknown}
 g - a potion of brilliance {unknown}
 h - 2 potions of restore abilities
 i - 3 potions of poison {unknown}
 o - a potion of experience {unknown}
 p - 2 potions of curing
 s - 2 potions of cure mutation {unknown}
 v - a potion of flight {unknown}
Books
 b - a book of Frost

   Spells                             Type                      Level
   *Freeze                            Ice                          1
   *Throw Frost                       Conjuration/Ice              2
   *Ozocubu's Armour                  Charms/Ice                   3
   Throw Icicle                       Conjuration/Ice              4
   Summon Ice Beast                   Ice/Summoning                4
   *Condensation Shield               Ice                          4


   Skills:
 + Level 3.6 Dodging
 + Level 3.3 Stealth
 + Level 4.4 Spellcasting
 + Level 1.5 Conjurations
 + Level 0.2 Charms
 * Level 4.1 Ice Magic


You had 2 spell levels left.
You knew the following spells:

 Your Spells              Type           Power        Failure   Level  Hunger
a - Freeze                Ice            ###.         2%          1    None
b - Throw Frost           Conj/Ice       ##....       10%         2    #......
c - Ozocubu's Armour      Chrm/Ice       ##......     21%         3    ###....
d - Condensation Shield   Ice            ###.......   30%         4    ####...


Dungeon Overview and Level Annotations

Branches:
Dungeon (5/15)             Temple (0/1) D:4

Altars:
Yredelemnul

Annotations:
D:4 Kashira's ghost, weakling FeSk
D:5 Eustachio; Kerbtree's ghost, experienced NaIE


Innate Abilities, Weirdness & Mutations

You cannot wear armour.
You are incapable of wielding weapons or throwing items.
Your paws have sharp claws.
You have razor-sharp teeth.
You have supernaturally acute eyesight.
You are carnivorous and can eat meat at any time.
You cover ground quickly.
You are covered in thick fur (AC +2).
You have a slow metabolism.
You can jump attack at a medium distance.


Message History

Found an encrusted wooden wand.
Found 9 gold pieces.
Found a stone staircase leading up.
Kerbtree's ghost (experienced Naga Ice Elementalist) comes into view.
Kerbtree's ghost turns its malevolent gaze towards you.
Kerbtree's ghost points at you and mumbles some strange words.
The shard of ice hits you!
Ouch! That really hurt!
You die...
You are now level 5!
You rejoin the land of the living...
A giant cockroach comes into view.
Casting: Freeze
Confirm with . or Enter, or press ? or * to list all spells.
Aiming: Freeze
Press: ? - help, Shift-Dir - straight line, f - giant cockroach
Aim: a giant cockroach (clinging, resting)
You freeze the giant cockroach.
The giant cockroach is lightly wounded.
The giant cockroach bites you but does no damage.
Are you sure you want to abandon this character and quit the game? (Confirm with "yes".)

### .. ..
#.# #. ..
#.##.#
#.@s.#
#...#.#
#.... ..
.......
#..
#####.###
## #.#
#.. #.#
#.#


You could see a giant cockroach.

Vanquished Creatures
  A black bear (D:3)
  A quasit (D:5)
  A worker ant (D:4)
  3 gnolls (D:2)
  5 adders
  4 worms
  2 giant geckos
  2 oozes
  5 orcs (D:3)
  5 bats
  3 giant cockroaches
  13 goblins
  7 hobgoblins
  6 kobolds
  3 quokkas
  2 giant newts
  A quokka skeleton (D:4)
  13 rats
77 creatures vanquished.

Notes
Turn   | Place    | Note
--------------------------------------------------------------
     0 | D:1      | Kashira, the Felid Ice Elementalist, began the quest for the Orb.
     0 | D:1      | Reached XP level 1. HP: 7/7 MP: 4/4
   330 | D:1      | Reached XP level 2. HP: 11/11 MP: 0/5
   334 | D:1      | Learned a level 2 spell: Throw Frost
   380 | D:1      | Reached skill level 3 in Ice Magic
  1109 | D:2      | Reached XP level 3. HP: 8/14 MP: 4/8
  1748 | D:2      | Reached skill level 1 in Conjurations
  1748 | D:2      | Reached XP level 4. HP: 5/18 MP: 0/12
  1753 | D:2      | Learned a level 3 spell: Ozocubu's Armour
  2865 | D:3      | Found a basalt altar of Yredelemnul.
  3393 | D:3      | Noticed a black bear
  3398 | D:3      | Killed a black bear
  3398 | D:3      | Reached skill level 4 in Spellcasting
  3398 | D:3      | Reached XP level 5. HP: 19/21 MP: 5/16
  3404 | D:3      | Learned a level 4 spell: Condensation Shield
  4366 | D:4      | Gained mutation: You are covered in thick fur (AC +2). [growing up]
  4366 | D:4      | Gained mutation: You can jump attack at a medium distance. [growing up]
  4366 | D:4      | Reached XP level 6. HP: 24/24 MP: 7/18
  4643 | D:4      | Found a staircase to the Ecumenical Temple.
  4652 | D:4      | Noticed Kashira's ghost (weakling FeSk)
  4750 | D:5      | Entered Level 5 of the Dungeon
  4893 | D:5      | Noticed Eustachio
  4922 | D:5      | Noticed Kerbtree's ghost (experienced NaIE)
  4923 | D:5      | Killed from afar by Kerbtree's ghost
  4924 | D:5      | Reached XP level 5. HP: -3/21 MP: 10/16
  4925 | D:5      | Quit the game

Action                   |  1- 3 |  4- 6 || total
-------------------------+-------+-------++-------
Melee: Unarmed           |     9 |     8 ||    17
 Cast: Freeze            |    53 |    56 ||   109
       Throw Frost       |     6 |    73 ||    79
  Use: Potion            |     2 |       ||     2
  Eat: Chunk             |     9 |     9 ||    18
